 Dungeon Crawl Stone Soup version 0.28-a0-723-g095bd1b44f (webtiles) character file.

Game seed: 14004706107072060530

88 RepHenryClay the Stinger (level 4, -5/36 HPs)
             Began as a Naga Venom Mage on Oct 25, 2021.
             Slain by a gnoll (15 damage)
             ... on level 3 of the Dungeon.
             The game lasted 00:05:33 (3443 turns).

RepHenryClay the Stinger (Naga Venom Mage)          Turns: 3443, Time: 00:05:33

Health: -5/36      AC:  2    Str: 11    XL:     4   Next: 54%
Magic:  2/7        EV: 10    Int: 15    God:
Gold:   37         SH:  0    Dex: 12    Spells: 1/7 levels left

rFire   . . .      SeeInvis +   a - +2 dagger (drain)
rCold   . . .      Faith    .   (no shield)
rNeg    . . .      Spirit   .   l - +0 robe
rPois   +          Reflect  .   (no helmet)
rElec   .          Harm     .   (no cloak)
rCorr   .          Rampage  .   (no gloves)
Will    .....                   (no barding)
Stlth   ++........              (no amulet)
HPRegen 0.12/turn               (no ring)
MPRegen 0.10/turn               (no ring)

@: very slow
A: AC +1, large, see invisible, deformed body, poison resistance, slowness 2,
spit poison 1, naga tail 1
a: Spit Poison


You were on level 3 of the Dungeon.
You visited 1 branch of the dungeon, and saw 3 of its levels.

You collected 37 gold pieces.

Inventory:

Hand Weapons
 a - a +2 dagger of draining (weapon)
Missiles
 b - 24 poisoned darts
 m - 2 atropa-tipped darts
Armour
 l - a +0 robe (worn)
Scrolls
 c - a scroll of enchant armour {unknown}
 d - 2 scrolls of identify {unknown}
 e - a scroll of summoning {unknown}
 f - a scroll of teleportation {unknown}
 g - a scroll of holy word {unknown}
 k - a scroll of noise {unknown}
 n - a scroll of amnesia {unknown}
Potions
 h - a potion of magic {unknown}
 i - 2 potions of flight {unknown}
 j - a potion of curing {unknown}


   Skills:
 - Level 1.5 Dodging
 - Level 3.0 Stealth
 + Level 2.1 Spellcasting
 - Level 1.0 Transmutations
 - Level 3.1 Air Magic
 + Level 5.1 Poison Magic


You had one spell level left.
You knew the following spells:

 Your Spells              Type           Power      Damage    Failure   Level
a - Sting                 Tmut/Pois      40%        1d5       6%          1
b - Poisonous Vapours     Pois/Air       26%        N/A       6%          2
c - Mephitic Cloud        Conj/Pois/Air  9%         N/A       22%         3

Your spell library contained the following spells:

 Spells                   Type           Power      Damage    Failure   Level
 Olgreb's Toxic Radiance  Pois           16%        N/A       26%         4


Dungeon Overview and Level Annotations

Branches:
Dungeon (3/15)

Altars:

Shops:
D:1 !

Annotations:
D:3 Terence


Innate Abilities, Weirdness & Mutations

Your serpentine skin is tough. (AC +1)
You have supernaturally acute eyesight. (SInv)
Armour fits poorly on your strangely shaped body.
Your system is resistant to poisons. (rPois)
You cover ground very slowly.
You can spit poison.
You have a snake-like lower body.


Message History

The gnoll is engulfed in noxious fumes.
The gnoll appears confused.
You hit the gnoll. You drain the gnoll.
The gnoll is severely wounded.
The gnoll is engulfed in noxious fumes.
The gnoll appears confused.
The gnoll hits you with a +0 spear.
Damage: -11%(-4hp) hp: 89%(32hp)
You hit the gnoll but do no damage.
The gnoll is almost dead.
The gnoll is engulfed in noxious fumes.
The gnoll appears confused.
You hit the gnoll.
You kill the gnoll!
The bat misses you.
You hit the bat. You drain the bat.
You kill the bat!
Casting: Mephitic Cloud (quite dangerous; 22% risk of failure)
Confirm with . or Enter, or press ? or * to list all spells.
The spell is quite dangerous to cast (22% risk of failure)!
Continue anyway?
Okay, then.
Casting: Mephitic Cloud (quite dangerous; 22% risk of failure)
Confirm with . or Enter, or press ? or * to list all spells.
The spell is quite dangerous to cast (22% risk of failure)!
Continue anyway?
Aiming: Mephitic Cloud (quite dangerous; 22% risk of failure)
Press: ? - help, Shift-Dir - straight line, f - Terence
Aim: Terence, wielding a +0 falchion and wearing a +0 scale mail (chance to affect: 91%)
The ball explodes into a vile cloud!
The stinking cloud engulfs Terence but does no damage.
The stinking cloud engulfs the gnoll but does no damage.
The stinking cloud engulfs you but does no damage.
You hear an angry hiss.
Terence is engulfed in noxious fumes.
Terence appears confused.
The gnoll completely misses you.
You barely miss Terence.
Terence is engulfed in noxious fumes.
Terence appears confused.
Terence hits you with a +0 falchion.
The gnoll hits you from afar with a +0 halberd!
Huge Dmg: -39%(-14hp) hp: 53%(19hp)
You hit Terence but do no damage.
Terence is engulfed in noxious fumes.
Terence appears confused.
Terence hits you with a +0 falchion!
* * * LOW HITPOINT WARNING * * *
The gnoll hits you from afar with a +0 halberd!
You die...

#.#.......###...
#.#.........'...
#.#.##.#.####...
#.#.##†#.# #...
#.#.##.#.# #...
#.#.##.#.####... #.
#.#>...........#
##...#####.#....#.#####..
.'..gg@@...#.####.# ##.
.#...#######.# #.# ####.
#. (.# #.... #.... #....
#.... #.... #.... #....


You could see Terence (confused) and 2 gnolls.

Vanquished Creatures
  A gnoll (D:3)
  An adder skeleton (D:2)
  A worm (D:2)
  A dart slug (D:2)
  8 bats
  A bat skeleton (D:2)
  A bat zombie (D:2)
  7 endoplasms
  6 giant cockroaches
  6 goblins
  3 hobgoblins
  2 jackals (D:1)
  4 quokkas
  6 ball pythons
  A ball python skeleton (D:2)
  2 ball python zombies (D:2)
  A frilled lizard (D:2)
  A jackal skeleton (D:2)
  5 kobolds
  A quokka skeleton (D:2)
  5 rats
64 creatures vanquished.

Vanquished Creatures (others)
  A withered plant (D:2)
1 creature vanquished.

Grand Total: 65 creatures vanquished

Notes
Turn   | Place    | Note
-------+----------+-------------------------------------------
     0 | D:1      | RepHenryClay the Naga Venom Mage began the quest for the
                  | Orb.
     0 | D:1      | Reached XP level 1. HP: 15/15 MP: 3/3
   106 | D:1      | Reached XP level 2. HP: 13/22 MP: 0/5
   340 | D:1      | Learned a level 2 spell: Poisonous Vapours
   523 | D:1      | Found Fiylois's Distillery.
   616 | D:1      | Reached skill level 1 in Air Magic
   958 | D:1      | Reached XP level 3. HP: 28/28 MP: 6/6
  1987 | D:2      | Reached XP level 4. HP: 12/36 MP: 5/7
  3340 | D:3      | Learned a level 3 spell: Mephitic Cloud
  3374 | D:3      | Reached skill level 5 in Poison Magic
  3430 | D:3      | Noticed Terence
  3443 | D:3      | Slain by a gnoll

Illustrated notes

Levels and vault maps discovered:
D:1:      saegor_arrival_simple_a, layout_rooms, serial_shops, shop,
          serial_curves, eino_curves_01, eino_curves_04, minmay_cupped
D:2:      layout_basic, serial_undead, serial_undead_e, serial_undead_a,
          serial_undead_a, serial_undead_a, chequers_decorated_corner
D:3:      layout_basic, chequers_ecumenical_altar_simple, uniq_terence

Skill      XL: |  1  2  3  4 |
---------------+-------------+-----
Air Magic      | 1 2 3 |  3.1
Poison Magic   | 5 |  5.1
Dodging        | |  1.5
Stealth        | |  3.0
Spellcasting   | |  2.1
Transmutations | |  1.0

Action                   |  1- 3 |  4- 6 || total
-------------------------+-------+-------++-------
Melee: Unarmed           |    71 |       ||    71
       Dagger            |       |    22 ||    22
 Cast: Sting             |    53 |    37 ||    90
       Poisonous Vapours |     3 |       ||     3
       Mephitic Cloud    |       |     2 ||     2
 Abil: Spit Poison       |    17 |     1 ||    18
Armor: Robe              |    17 |    32 ||    49
Dodge: Dodged            |    54 |    52 ||   106

Table legend: (Time is in decaauts)
 A = Elapsed time spent in this place.
 B = Non-inter-level travel time spent in this place.
 C = Inter-level travel time spent in this place.
 D = Time resting spent in this place.
 E = Time spent auto-exploring this place.
 F = Levels seen in this place.
 G = Mean time per level.
                   A        B        C        D        E       F      G
               +--------+--------+--------+--------+--------+-----+--------+
         Total |   4027 |   3969 |     58 |    764 |   2626 |   3 | 1342.3 |
       Dungeon |   4027 |   3969 |     58 |    764 |   2626 |   3 | 1342.3 |
               +--------+--------+--------+--------+--------+-----+--------+

Top non-repeatable levels by time:
     D:2: 2192 daAuts
     D:1: 1481 daAuts
     D:3: 353 daAuts
